 Dungeon Crawl Stone Soup version 0.25-a0-479-g8579842fd4 (webtiles) character file.

Game seed: 10140855896706993837, levelgen mode: deterministic

63 HawFromDerth the Poker (level 3, 0/30 HPs)
             Began as a Minotaur Gladiator on Feb 9, 2020.
             Slain by an adder (2 damage)
             ... on level 2 of the Dungeon.
             The game lasted 00:05:33 (1076 turns).

HawFromDerth the Poker (Minotaur Gladiator)         Turns: 1076, Time: 00:05:34

Health: 0/30       AC:  3    Str: 19    XL:     3   Next: 87%
Magic:  2/2        EV: 13    Int:  5    God:
Gold:   67         SH:  0    Dex: 11    Spells: 2/2 levels left

rFire    . . .     SeeInvis .   a - +0 trident
rCold    . . .     Gourm    .   (no shield)
rNeg     + . .     Faith    .   j - +0 leather armour {rN+}
rPois    .         Spirit   .   c - +0 hat
rElec    .         Reflect  .   (no cloak)
rCorr    .         Harm     .   (no gloves)
MR       .....                  (no boots)
Stlth    +.........             (no amulet)
HPRegen  0.10/turn              i - -3 ring of slaying (curse)
MPRegen  0.08/turn              (no ring)

@: lethally poisoned (0 -> -4)
A: retaliatory headbutt, horns 2
a: no special abilities


You were on level 2 of the Dungeon.
You were hungry.

You visited 1 branch of the dungeon, and saw 2 of its levels.

You collected 67 gold pieces.

Inventory:

Hand Weapons
 a - a +0 trident (weapon)
Missiles
 d - 3 throwing nets (quivered)
Armour
 c - a +0 hat (worn)
 j - a +0 leather armour of positive energy (worn)
Jewellery
 i - a cursed -3 ring of slaying (left hand)
Scrolls
 h - 3 scrolls of enchant weapon {unknown}
 k - a scroll of blinking {unknown}
 l - 2 scrolls of teleportation
Potions
 b - 2 potions of brilliance
 e - a potion of might {unknown}
 m - a potion of agility {unknown}
 n - a potion of invisibility {unknown}
Comestibles
 f - 4 rations


   Skills:
 + Level 2.7 Fighting
 + Level 4.9 Polearms
 + Level 2.0 Throwing
 + Level 1.0 Armour
 + Level 4.0 Dodging


You had 2 spell levels left.
You didn't know any spells.
Your spell library was empty.

Dungeon Overview and Level Annotations

Branches:
Dungeon (2/15)

Altars:


Innate Abilities, Weirdness & Mutations

You reflexively headbutt those who attack you in melee.
You have a pair of horns on your head.


Message History

A gnoll comes into view. It is wielding a +0 flail.
The adder bites you.
You are more poisoned.
The adder poisons you!
You feel sick.
You feel sick. The adder bites you but does no damage.
You feel sick.
You feel sick.
You feel sick. The adder misses you.
You feel sick.
You feel sick.
You feel sick. The adder barely misses you. You furiously retaliate!
You headbutt the adder.
You feel sick. The adder bites you.
* * * LOW HITPOINT WARNING * * *
You are too injured to fight recklessly!
* * * LOW HITPOINT WARNING * * *
You feel sick. The adder bites you.
You die...

###...#............############.#
##.##....#.....### #####.#
####.#####..<#..## #...#.# #....#
##.##.## ###.#.#.# #.#### #.##.#
#...#...# #.# #.##.# #.#####.#
#.# #.##.# #...#...# #.#
#.##.######## ###.#.#.# #.#
#.##..@S.gg.#####...#.#
#.#########.#########.g.........#
#........##.# ########.####
########.# #.# #.# #g# #.# #g#
#.# #.# ###.### #...# #.....#
.......


You could see 3 gnolls and an adder.

Vanquished Creatures
  An ooze (D:1)
  2 dart slugs
  3 leopard geckos
  2 ball pythons (D:2)
  A giant cockroach (D:1)
  5 goblins
  4 hobgoblins (D:1)
  7 jackals
  8 kobolds (D:1)
  10 bats
  2 rats (D:1)
45 creatures vanquished.

Notes
Turn   | Place    | Note
-------+----------+-------------------------------------------
     0 | D:1      | HawFromDerth the Minotaur Gladiator began the quest for the
                  | Orb.
     0 | D:1      | Reached XP level 1. HP: 18/18 MP: 0/0
    60 | D:1      | Reached XP level 2. HP: 16/25 MP: 1/1
   366 | D:1      | Reached XP level 3. HP: 27/30 MP: 2/2
  1016 | D:2      | Reached skill level 1 in Armour
  1076 | D:2      | Slain by an adder

Levels and vault maps discovered:
D:1:      elethiomel_arrival_quiet, layout_basic, st_stairs_4,
          minmay_misc_feat_rows, minmay_pentomino_q4
D:2:      layout_loops_ring

Skill      XL: |  1  2  3 |
---------------+----------+-----
Polearms       | 4 |  4.9
Dodging        | 4 |  4.0
Armour         | 1 |  1.0
Fighting       | |  2.7
Throwing       | |  2.0

Action                   || total
-------------------------++-------
Melee: Trident           ||   103
       Headbutt          ||    13
  Use: Potion            ||     3
       Scroll            ||     2
Armor: Leather armour    ||    28
Dodge: Dodged            ||    93

Table legend:
 A = Non-vault XP
 B = Vault XP
 C = Vault XP percentage of total XP
 D = Non-vault monster count
 E = Vault monster count
 F = Vault count percentage of total count
                 A         B        C        D         E       F
            +---------+---------+-------+---------+---------+-------
      Total |      84 |       6 |   6.7 |      41 |       4 |   8.9
            +---------+---------+-------+---------+---------+-------
        D:1 |      61 |       6 |   9.0 |      30 |       4 |  11.8
        D:2 |      23 |       0 |   0.0 |      11 |       0 |   0.0
            +---------+---------+-------+---------+---------+-------
